 Dungeon Crawl Stone Soup version 0.29.1-12-g30fa7ad0bf (webtiles) character file.

Game seed: 9439115449549568905

31968 RapScallion the Basher (level 13, -8/111 (118) HPs)
             Began as a Hill Orc Fighter on Jan 19, 2023.
             Was an Elder of Okawaru.
             Killed from afar by an orc sorcerer (29 damage)
             ... with a bolt of negative energy
             ... while paralysed by an orc sorcerer
             ... on level 2 of the Orcish Mines.
             The game lasted 01:15:41 (15008 turns).

RapScallion the Basher (Hill Orc Fighter)          Turns: 15008, Time: 01:15:43

HP:   -8/111 (118)  AC: 20    Str: 31    XL:     13   Next: 61%
MP:   19/19         EV:  2    Int: 10    God:    Okawaru [****..]
Gold: 859           SH:  0    Dex: 14    Spells: 12/12 levels left

rFire   . . .      SeeInvis .   h - +2 mace (vorpal)
rCold   + . .      Faith    .   V - +0 tower shield {rC+}
rNeg    . . .      Spirit   .   N - +3 ring mail of Vis Reuc {Str+4 Int+2 Slay+2}
rPois   .          Reflect  .   j - +2 helmet
rElec   .          Harm     .   (no cloak)
rCorr   .          Rampage  .   J - +2 pair of gloves
Will    .....                   G - +0 pair of boots
Stlth   ++........              k - amulet of regeneration
HPRegen 1.08/turn               M - ring of Polytheism {Wiz Str+3 Dex+4}
MPRegen 0.16/turn               b - +4 ring of slaying

@: paralysed, heroic, studying Ice Magic, drained
A: no striking features
a: Renounce Religion, Convert to Beogh, Heroism, Finesse


You were on level 2 of the Orcish Mines.
You worshipped Okawaru.
Okawaru was greatly pleased with you.
You visited 3 branches of the dungeon, and saw 15 of its levels.
You also visited: Ice Cave.

You collected 859 gold pieces.

Inventory:

Hand Weapons
 c - a +6 battleaxe of flaming
 h - a +2 vorpal mace (weapon)
 K - a +1 morningstar of freezing
 R - a +2 scythe of freezing
 U - a +4 battleaxe of freezing
Missiles
 C - 4 silver javelins (quivered)
 F - a throwing net
Armour
 e - a +2 plate armour of willpower
 j - a +2 helmet (worn)
 D - a +0 plate armour
 G - a +0 pair of boots (worn)
 J - a +2 pair of gloves (worn)
 N - the +3 ring mail of Vis Reuc (worn) {Str+4 Int+2 Slay+2}
   (You found it on level 9 of the Dungeon)

   Str:       It affects your strength (+4).
   Int:       It affects your intelligence (+2).
   Slay:      It affects your accuracy & damage with ranged weapons and melee
   (+2).
 O - a +0 buckler of cold resistance
 V - a +0 tower shield of cold resistance (worn)
Jewellery
 b - a +4 ring of slaying (right hand)
 k - an amulet of regeneration (around neck)
 n - a ring of protection from cold
 q - an amulet of guardian spirit
 w - a ring of flight
 I - a ring of see invisible
 M - the ring of Polytheism (left hand) {Wiz Str+3 Dex+4}
   (You found it on level 9 of the Dungeon)

   [ring of wizardry]

   It improves your spell success rate.
   Str:       It affects your strength (+3).
   Dex:       It affects your dexterity (+4).
 Q - a ring of protection from cold
Wands
 m - a wand of iceblast (23)
 t - a wand of digging (5)
Scrolls
 f - a scroll of amnesia
 i - 3 scrolls of teleportation
 r - 2 scrolls of identify
 s - 5 scrolls of blinking
 u - a scroll of enchant weapon
 x - 2 scrolls of magic mapping
 y - a scroll of fog
 H - a scroll of fear
Potions
 a - a potion of cancellation
 d - 2 potions of might
 g - 8 potions of curing
 l - 5 potions of heal wounds
 o - 3 potions of haste
 v - a potion of brilliance
 z - a potion of attraction
 A - 2 potions of magic
 B - 3 potions of berserk rage
 E - 2 potions of resistance
 P - a potion of ambrosia
 S - a potion of lignification {unknown}
Miscellaneous
 T - a phial of floods


   Skills:
 + Level 12.2(17.2) Fighting
 + Level 5.4(17.3) Axes
 + Level 14.4(19.7) Maces & Flails
 + Level 10.5(15.5) Armour
 - Level 3.0(8.0) Dodging
 - Level 0.9(5.9) Stealth
 + Level 11.3(16.3) Shields
 + Level 9.2 Invocations


You had 12 spell levels left.
You didn't know any spells.
Your spell library contained the following spells:

 Spells                   Type           Power      Damage    Failure   Level
 Slow                     Hex            0%         N/A       50%         1
 Sting                    Tmut/Pois      0%         1d3       50%         1
 Scorch                   Fire           0%         2d5       63%         2
 Confusing Touch          Hex            0%         N/A       85%         3
 Portal Projectile        Hex/Tloc       0%         N/A       85%         3
 Vampiric Draining        Necr           0%         2d6       85%         3
 Anguish                  Hex/Necr       0%         N/A       99%         4
 Corpse Rot               Necr/Pois/Air  0%         N/A       99%         4
 Flame Wave               Conj/Fire      0%         2d4       99%         4
 Leda's Liquefaction      Hex/Erth       0%         N/A       99%         4
 Alistair's Intoxication  Tmut/Pois      0%         N/A       100%        5
 Freezing Cloud           Conj/Ice/Air   0%         6-21      100%        5
 Yara's Violent Unravell  Hex/Tmut       0%         3d3       100%        5
 Enfeeble                 Hex            0%         N/A       100%        7
 Storm Form               Tmut/Air       0%         N/A       100%        7
 Call Canine Familiar     Summ           Unusable   N/A       N/A         3
 Summon Mana Viper        Hex/Summ       Unusable   N/A       N/A         5
 Summon Cactus Giant      Summ           Unusable   N/A       N/A         6
 Spellforged Servitor     Conj/Summ      Unusable   N/A       N/A         7

Dungeon Overview and Level Annotations

Branches:
Dungeon (12/15)            Temple (1/1) D:6            Lair (0/5) D:9
    Orc (2/2) D:11          IceCv (visited)
    Elf: Orc:2

Altars:
Dithmenos
Gozag
Hepliaklqana
Okawaru
Beogh

Shops:
D:7 !   D:8 =   D:11 !

Portals:
Trove: D:12 (show slimy rune of Zot)

Annotations:
D:2 1 runed translucent door, Crazy Yiuf
D:11 3 runed translucent doors, cheesebisquit's ghost, journeyman TrFi


Message History

You block the orc warrior's attack.
The orc high priest mumbles some strange prayers.
You block the orc high priest's attack.
The orc warrior hits you but does no damage.
You hit the orc sorcerer.
The orc sorcerer is heavily wounded.
You block the orc warrior's attack.
The orc warrior hits you but does no damage.
The orc sorcerer casts a spell at you.
You suddenly lose the ability to move!
The orc warrior hits you but does no damage.
The orc high priest utters an invocation to Beogh.
The chaos spawn gores you but does no damage.
The sun demon hits you!!
You are engulfed in flames!
The orc warrior hits you from afar with a +0 trident.
The orc warrior hits you but does no damage.
The orc warrior hits you with a +0 halberd!
The orc sorcerer becomes larger for a moment.
The orc sorcerer hits you with a +0 dagger.
The orc high priest shouts, "Join the one true god or die!"
The orc high priest barely misses you.
The ynoxinul hits you but does no damage.
The chaos spawn hits you but does no damage.
The sun demon hits you!
You are engulfed in flames!
* * * LOW HITPOINT WARNING * * *
The orc warrior hits you but does no damage. x2
The orc sorcerer hits you but does no damage.
The orc warrior hits you but does no damage.
The orc high priest shouts, "Join the one true god or die!"
The orc high priest hits you with a +0 halberd!
* * * LOW HITPOINT WARNING * * *
The ynoxinul hits you but does no damage.
The chaos spawn gores you but does no damage.
The sun demon hits you but does no damage.
The orc warrior hits you from afar with a +0 trident.
* * * LOW HITPOINT WARNING * * *
The orc warrior hits you but does no damage.
The orc sorcerer gestures at you while chanting.
The bolt of negative energy hits you!!
You feel drained.
You die...

..........$.#
..............##
...............##
.................
.................
.....<...).......
.......o)........
..........4.3<.#....$
.....#....o@.).....##
o....#....3oo.....#.#
...........o..#.#....
...o.................
...4.................
..o...[.............#
...4...<............
.......))..........
......o.o......


You could see an orc high priest, a sun demon (summoned), a ynoxinul (summoned),
a chaos spawn (summoned), an orc sorcerer and 3 orc warriors.

Vanquished Creatures
  Jorgrun (D:12)
  2 orc warlords (Orc:1)
  A reaper (IceCv)
  Josephine (D:12)
  A boulder beetle (D:11)
  An ogre mage (D:12)
  4 two-headed ogres
  Erica (D:10)
  An orc high priest (Orc:1)
  A deep elf pyromancer (D:12)
  An orc knight (Orc:1)
  A manticore (D:12)
  4 ugly things
  A cyclops (D:11)
  3 orc sorcerers (Orc:1)
  2 ice statues (IceCv)
  An unseen horror (D:12)
  Psyche (D:8)
  A kobold demonologist (D:12)
  9 ice devils
  An anaconda simulacrum (IceCv)
  8 trolls
  A hornet (D:11)
  Prince Ribbit (D:8)
  4 slime creatures (D:12)
  2 shadows (D:11)
  3 wyverns
  Grum (D:10)
  5 wraiths
  14 yaks
  2 steam dragons
  3 vampire mosquitoes (D:12)
  2 harpy simulacra (IceCv)
  6 wargs
  2 acid dragons (D:10)
  A floating eye (shapeshifter) (D:12)
  15 orc warriors
  5 ice beasts
  4 ogres
  2 wolves (D:10)
  6 centaurs
  2 kobold brigands (D:8)
  2 necrophages (D:6)
  3 gnoll sergeants
  A two-headed ogre simulacrum (IceCv)
  6 bullfrogs
  2 cane toad simulacra (IceCv)
  2 jellies (D:5)
  4 wights
  An elephant simulacrum (IceCv)
  13 killer bees
  3 howler monkeys (D:11)
  4 hounds
  11 orc priests
  A gnoll bouda (D:7)
  6 iguanas
  4 spriggan simulacra (IceCv)
  11 orc wizards
  A troll simulacrum (IceCv)
  4 wolf simulacra (IceCv)
  6 adders
  25 gnolls
  4 naga simulacra (IceCv)
  A white imp (IceCv)
  An ufetubus (D:5)
  A worm (D:3)
  2 dart slugs (D:2)
  50 orcs
  7 endoplasms
  2 giant cockroaches
  9 goblins
  7 hobgoblins
  3 jackals (D:2)
  22 kobolds
  4 quokkas
  8 ball pythons
  6 bats
  2 frilled lizards
  4 rats
371 creatures vanquished.

Vanquished Creatures (others)
  An orc priest (Orc:2)
  2 orc wizards
  2 orcs (Orc:2)
  5 fungi (Orc:2)
  3 plants (D:11)
13 creatures vanquished.

Grand Total: 384 creatures vanquished

Notes
Turn   | Place    | Note
-------+----------+-------------------------------------------
     0 | D:1      | RapScallion the Hill Orc Fighter began the quest for the
                  | Orb.
     0 | D:1      | Reached XP level 1. HP: 19/19 MP: 1/1
    70 | D:1      | Found a faded altar of an unknown god.
    95 | D:1      | Reached XP level 2. HP: 27/27 MP: 2/2
   688 | D:1      | Reached XP level 3. HP: 24/33 MP: 3/3
  1598 | D:2      | Reached XP level 4. HP: 40/40 MP: 4/4
  1945 | D:2      | Found a runed translucent door.
  1946 | D:2      | Noticed Crazy Yiuf
  2203 | D:3      | Found an iron altar of Okawaru.
  2209 | D:3      | Became a worshipper of Warmaster Okawaru
  2347 | D:3      | Found a hazy altar of Hepliaklqana.
  2982 | D:3      | Reached XP level 5. HP: 23/47 MP: 5/5
  3773 | D:4      | Found a shadowy altar of Dithmenos.
  3809 | D:4      | Reached skill level 5 in Armour
  3809 | D:4      | Reached XP level 6. HP: 53/53 MP: 6/6
  3942 | D:4      | Reached skill level 5 in Axes
  3942 | D:4      | Reached skill level 1 in Maces & Flails
  4077 | D:5      | Entered Level 5 of the Dungeon
  4093 | D:5      | Reached skill level 2 in Maces & Flails
  4212 | D:5      | Reached * piety under Okawaru
  4213 | D:5      | Reached skill level 5 in Fighting
  4213 | D:5      | Reached XP level 7. HP: 61/61 MP: 7/7
  4441 | D:5      | Reached skill level 3 in Maces & Flails
  4441 | D:5      | Reached skill level 1 in Dodging
  4452 | D:5      | You are sucked into a shaft and drop 1 floor!
  4621 | D:5      | Noticed a steam dragon
  4632 | D:5      | Killed a steam dragon
  4794 | D:5      | Reached skill level 4 in Maces & Flails
  4794 | D:5      | Reached XP level 8. HP: 59/69 MP: 8/8
  5188 | D:6      | Got the Secrets of the Putrid Birds
  5371 | D:6      | Reached ** piety under Okawaru
  5409 | D:6      | Reached skill level 5 in Maces & Flails
  5873 | D:6      | Found a staircase to the Ecumenical Temple.
  5900 | D:6      | Reached skill level 6 in Maces & Flails
  5902 | D:6      | Reached XP level 9. HP: 75/75 MP: 9/9
  5916 | Temple   | Entered the Ecumenical Temple
  5962 | D:6      | Reached skill level 1 in Invocations
  6243 | D:7      | Found Muibetall's Distillery.
  6417 | D:7      | Reached skill level 5 in Shields
  6649 | D:6      | Reached *** piety under Okawaru
  6650 | D:6      | Reached skill level 7 in Maces & Flails
  7277 | D:7      | Got the Precepts of Ghoulish Attendants
  7303 | D:7      | Reached skill level 8 in Maces & Flails
  7581 | D:8      | Noticed Psyche
  7617 | D:8      | Killed Psyche
  7853 | D:8      | Reached XP level 10. HP: 76/86 MP: 9/11
  7943 | D:8      | Found Toh Nesi's Jewellery Shoppe.
  8176 | D:8      | Noticed Prince Ribbit
  8185 | D:8      | Killed Prince Ribbit
  8350 | D:9      | Found a staircase to the Lair.
  8363 | D:8      | Reached skill level 9 in Maces & Flails
  8569 | D:8      | Reached **** piety under Okawaru
  9206 | D:9      | Identified the ring of Polytheism {Wiz Str+3 Dex+4}
  9217 | D:9      | Found an opulent altar of Gozag.
  9298 | D:9      | Identified the +3 ring mail of Vis Reuc {Str+4 Int+2
                  | Slay+2}
  9484 | D:10     | Entered Level 10 of the Dungeon
  9607 | D:9      | Reached ***** piety under Okawaru
  9686 | D:10     | Reached XP level 11. HP: 95/95 MP: 12/12
  9696 | D:10     | Noticed Grum
  9706 | D:10     | Killed Grum
  9715 | D:10     | Reached skill level 10 in Maces & Flails
  9938 | D:10     | Found a runed translucent door.
  9961 | D:10     | Noticed Erica
  9992 | D:10     | Killed Erica
 10070 | D:10     | Found a roughly hewn altar of Beogh.
 10188 | D:11     | Noticed a white ugly thing
 10212 | D:11     | Killed a white ugly thing
 10293 | D:11     | Noticed a boulder beetle
 10354 | D:11     | Killed a boulder beetle
 10354 | D:11     | Received a gift from Okawaru
 10659 | D:11     | Found a runed translucent gate.
 10659 | D:11     | Found a runed translucent gate.
 10660 | D:11     | Found a runed translucent gate.
 10661 | D:11     | Noticed cheesebisquit's ghost (journeyman TrFi)
 10662 | D:11     | Noticed a ten-headed hydra
 10662 | D:11     | Noticed a ten-headed hydra
 10716 | D:11     | Reached skill level 11 in Maces & Flails
 10870 | D:11     | Found Sicw's Distillery.
 10952 | D:11     | Noticed a cyclops
 10963 | D:11     | Killed a cyclops
 11021 | D:11     | Found a staircase to the Orcish Mines.
 11247 | D:12     | Noticed a green ugly thing
 11247 | D:12     | Noticed a two-headed ogre
 11258 | D:11     | Killed a green ugly thing
 11259 | D:11     | Reached skill level 5 in Invocations
 11269 | D:12     | Killed a two-headed ogre
 11287 | D:12     | Noticed Jorgrun
 11437 | D:12     | Noticed Josephine
 11446 | D:12     | Killed Josephine
 11450 | D:12     | Reached XP level 12. HP: 99/106 MP: 13/16
 11559 | D:12     | Reached skill level 12 in Maces & Flails
 11704 | D:12     | Reached skill level 10 in Fighting
 11922 | D:12     | Reached skill level 10 in Armour
 12051 | D:12     | Found a portal to a secret trove of treasure.
 12210 | D:12     | Killed Jorgrun
 12211 | D:12     | Reached skill level 13 in Maces & Flails
 12312 | D:12     | Identified the +1 robe of the Beloved Bull {rC+ Str+3}
                  | (Okawaru gifted it to you on level 12 of the Dungeon)
 12312 | D:12     | Received a gift from Okawaru
 12347 | D:12     | Noticed an ogre mage
 12347 | D:12     | Noticed a two-headed ogre
 12347 | D:12     | Noticed a two-headed ogre
 12347 | D:12     | Noticed a two-headed ogre
 12378 | D:12     | Killed an ogre mage
 12386 | D:11     | Killed a two-headed ogre
 12433 | D:11     | Killed a two-headed ogre
 12475 | D:12     | Killed a two-headed ogre
 12799 | Orc:1    | Entered Level 1 of the Orcish Mines
 12822 | Orc:1    | Reached skill level 10 in Shields
 12836 | Orc:1    | Found a frozen archway.
 12870 | IceCv    | Entered an ice cave
 12931 | IceCv    | Reached XP level 13. HP: 116/116 MP: 19/19
 13332 | IceCv    | Reached skill level 14 in Maces & Flails
 13591 | IceCv    | Noticed a reaper
 13619 | IceCv    | Killed a reaper
 14013 | Orc:2    | Entered Level 2 of the Orcish Mines
 14173 | Orc:2    | Noticed an orc warlord
 14377 | Orc:1    | Killed an orc warlord
 14546 | Orc:2    | Noticed an orc warlord
 14616 | Orc:2    | Paralysed by an orc sorcerer for 2 turns
 14746 | Orc:1    | Killed an orc warlord
 14802 | Orc:1    | Paralysed by an orc sorcerer for 5 turns
 14812 | Orc:1    | Paralysed by an orc sorcerer for 3 turns
 15005 | Orc:2    | Paralysed by an orc sorcerer for 5 turns
 15008 | Orc:2    | Killed from afar by an orc sorcerer

Illustrated notes

Levels and vault maps discovered:
D:1:      shiori_arrival_oz, layout_basic,
          shapermc_ecumenical_altar_starsandcircs
D:2:      layout_loops_ring, uniq_crazy_yiuf_cottage
D:3:      minmay_wonky_spiral, layout_loops_ring, okawaru_ov_weapons_minmay,
          mainiacjoe_overflow_24_doors, kennysheep_generic_room_2
D:4:      layout_loops_ring, grunt_dithmenos_smoke_and_mirrors
D:5:      layout_basic
D:6:      layout_basic, minmay_temple_entry_tees, st_stairs_7
D:7:      layout_cave_pools, serial_shops, nicolae_shop_crystal
D:8:      layout_loops_ring, serial_shops, nicolae_diamond_shop,
          kennysheep_path_1, uniq_prince_ribbit1, uniq_psyche
D:9:      layout_cave_pools, grunt_gozag_statues, lair_entry_dummy
D:10:     layout_rooms, lightli_church_of_beogh, uniq_grum, uniq_erica
D:11:     layout_loops_ring, david_orc_1_choice, gammafunk_ghost_hydra_chop,
          serial_shops, shop
D:12:     layout_stronghold, nicolae_trove_entry_isolated, uniq_jorgrun,
          uniq_josephine
Temple:   mainiacjoe_temple_coin_purse
Orc:1:    layout_diamond_mine, serial_shops, shop, portal_ice_cave_demonic_guard
Orc:2:    grunt_orc_gardens, layout_caves, grunt_orc_garden, grunt_orc_garden,
          grunt_orc_garden, grunt_orc_garden, hangedman_minor_magic

Skill      XL: |  1  2  3  4  5  6  7  8  9 10 11 12 13 |
---------------+----------------------------------------+-----
Fighting       | 4 5 6 7 8 9 11 12 | 12.2
Axes           | 3 4 5 |  5.4
Armour         | 4 5 6 7 8 9 10 | 10.5
Maces & Flails | 2 4 6 8 9 11 13 14 | 14.4
Dodging        | 1 2 3 |  3.0
Shields        | 4 5 7 9 10 11 | 11.3
Invocations    | 1 2 5 8 9 |  9.2
Stealth        | |  0.9

Action                   |  1- 3 |  4- 6 |  7- 9 | 10-12 | 13-15 || total
-------------------------+-------+-------+-------+-------+-------++-------
Melee: War axe           |    91 |   105 |       |       |       ||   196
       Mace              |       |    49 |   396 |   616 |   323 ||  1384
Invok: Heroism           |       |       |     9 |    32 |    13 ||    54
       Finesse           |       |       |       |    10 |     5 ||    15
  Use: Scroll            |       |    12 |     9 |     6 |       ||    27
       Potion            |       |     1 |     1 |     1 |       ||     3
Armor: Scale mail        |    31 |    81 |   105 |       |       ||   217
       Plate armour      |       |       |   116 |   147 |       ||   263
       Skin              |       |       |     3 |       |       ||     3
       Ring mail         |       |       |       |   110 |   142 ||   252
Dodge: Dodged            |    46 |    79 |   166 |   216 |   115 ||   622
Block: Buckler           |    19 |    30 |   118 |   193 |    35 ||   395
       Tower shield      |       |       |       |       |   219 ||   219
